 Dungeon Crawl Stone Soup version 0.31-a0-1610-g9787180647 (webtiles) character file.

Game seed: 2794400783247092386

1480 Dirtsage the Changeling (level 8, -3/54 HPs)
             Began as an Octopode Shapeshifter on Jan 9, 2024.
             Splashed by a jelly's acid (7 damage)
             ... on level 6 of the Dungeon.
             The game lasted 00:07:01 (4652 turns).

Dirtsage the Changeling (Octopode Shapeshifter)     Turns: 4652, Time: 00:07:01

Health: -3/54      AC:  1    Str: 13    XL:     8   Next: 79%
Magic:  8/8        EV: 15    Int: 12    God:
Gold:   349        SH:  0    Dex: 14    Spells: 7/7 levels left

rFire   . . .        t - +5 woodcutter's axe
rCold   + . .        (shield currently unavailable)
rNeg    . . .        (helmet currently unavailable)
rPois   .            (no amulet)
rElec   .            S - ring of see invisible
rCorr   .            I - ring of protection from cold
SInv    +            (no ring)
Will    .....        (no ring)
Stlth   ++           (no ring)
HPRegen 0.29/turn    (no ring)
MPRegen 0.11/turn    (no ring)
                     (no ring)

%: no passive effects
@: lethally poisoned (-3 -> -11), beast-form
A: beast (slay +3), almost no armour, amphibious, 8 rings, camouflage 1,
gelatinous body 1, (nimble swimmer 1), tentacles
a: Begin Untransformation


You were on level 6 of the Dungeon.
You were a hulking beast.
You visited 2 branches of the dungeon, and saw 7 of its levels.

You collected 349 gold pieces.

Inventory:

Hand Weapons
 t - the +5 woodcutter's axe (weapon)
   (You found it on level 5 of the Dungeon)
Magical Staves
 u - the staff of Incongruity {rElec rPois rCorr Int-2 SInv Air}
   (You found it on level 5 of the Dungeon)

   [staff of air]

   Base accuracy: +5 Base damage: 5 Base attack delay: 1.2 This weapon's minimum
   attack delay (0.6) is reached at skill level 12.
   Int-2:     It affects your intelligence (-2).
   rElec:     It insulates you from electricity.
   rPois:     It protects you from poison SInv: It lets you see invisible.
   rCorr:     It protects you from acid and corrosion.
   Air:       It increases the power of your Air spells.
   It falls into the 'Staves' category.
   It is a one-tentacled weapon.
Jewellery
 v - a ring of fire
 I - a ring of protection from cold (right tentacle)
 S - a ring of see invisible (left tentacle)
Talismans
 h - a beast talisman
 k - a flux talisman
Wands
 n - a wand of mindburst (21)
Scrolls
 d - 4 scrolls of identify {unknown}
 e - a scroll of butterflies {unknown}
 f - a scroll of immolation {unknown}
 l - a scroll of silence {unknown}
 m - 2 scrolls of torment {unknown}
 o - a scroll of poison {unknown}
 p - a scroll of blinking {unknown}
 q - a scroll of teleportation {unknown}
 r - a scroll of enchant armour {unknown}
Potions
 a - a potion of lignification
 b - a potion of haste {unknown}
 g - a potion of heal wounds {unknown}
 i - 2 potions of attraction {unknown}
 j - 2 potions of cancellation {unknown}
 s - 2 potions of mutation {unknown}
 w - a potion of magic {unknown}


   Skills:
 + Level 4.7 Fighting
 + Level 5.1 Dodging
 + Level 5.5 Unarmed Combat
 * Level 6.8 Shapeshifting


You had 7 spell levels left.
You didn't know any spells.
Your spell library contained the following spells:

 Spells                   Type           Power      Damage    Failure   Level
 Shock                    Conj/Air       0%         1d3       32%         1
 Swiftness                Air            0%         N/A       69%         3
 Airstrike                Air            0%         2d(0-16)  97%         4
 Animate Dead             Necr           0%         N/A       97%         4
 Borgnjor's Vile Clutch   Necr/Erth      0%         N/A       100%        5
 Death Channel            Necr           0%         N/A       100%        6


Dungeon Overview and Level Annotations

Branches:
Dungeon (6/15)             Temple (1/1) D:4

Altars:
Ashenzari
Cheibriados
Fedhas
Gozag
Hepliaklqana
Makhleb
Nemelex Xobeh
Okawaru
Qazlal
Trog
Vehumet
Wu Jian
Xom
Yredelemnul

Shops:
D:5 (   D:6 :

Portals:
Ossuary: D:6


Innate Abilities, Weirdness & Mutations

You are a hulking beast.
Your limbs bulge with bestial killing power. (Slay +3)
You cannot wear most types of armour.
You are amphibious.
You can wear up to eight rings at the same time.
Your skin changes colour to match your surroundings (Stealth+).
Your rubbery body absorbs attacks. (AC +1, EV +1)
((You are camouflaged when in or above water. (Stealth+)))
You have tentacles for arms and can constrict up to eight enemies at once.


Message History

Found a sand-covered staircase.
An ogre comes into view. It is wielding a +0 giant spiked club.
A bullfrog comes into view.
A jelly comes into view.
The bullfrog barely misses you.
There is a sand-covered staircase here.
You slice the bullfrog!! You grab the bullfrog.
The bullfrog is almost dead.
You constrict the bullfrog. The bullfrog closely misses you.
The jelly quivers.
You hit the bullfrog.
You kill the bullfrog!
A scorpion comes into view.
You closely miss the scorpion. Your grab misses the scorpion.
The scorpion barely misses you.
You hit the scorpion. You grab the scorpion.
The scorpion is moderately wounded.
You constrict the scorpion, but do no damage.
The scorpion barely misses you.
You hit the scorpion.
The scorpion is heavily wounded.
You hit the ogre but do no damage. You constrict the scorpion.
The scorpion stings you.
You are poisoned.
The scorpion poisons you!
The ogre hits you with a +0 giant spiked club!!
Ouch! That really hurt!
* * * LOW HITPOINT WARNING * * *
You take 30 damage, and have 13/54 hp.
MASSIVE DAMAGE!!
You slash the ogre!
The ogre is moderately wounded.
You slash the jelly!
Your tentacles burn!
* * * LOW HITPOINT WARNING * * *
You hit the scorpion.
You constrict the scorpion, but do no damage.
* * * LOW HITPOINT WARNING * * *
You feel very sick. The scorpion closely misses you. The jelly hits you.
* * * LOW HITPOINT WARNING * * *
You are splashed with acid!
You die...

......#.#.## #.#.
<.....#.#.# ###.
......#'#.# #.
#.#.#.....# #..#
.........## ##.#.
#.#.###..######
..... # #..##..$##
###.. ......
#........##....#
#.#.###
#.##.......Ohs...#
..#
..........∩..J##...#
#.#.##.......## ..#
. # #.......# #.# ##
....(..#### ..
...##.### . .......
#...... ###.


You could see an ogre, a scorpion and a jelly.

Vanquished Creatures
  Sigmund (D:2)
  A water moccasin (D:5)
  A sky beast (D:4)
  A black bear (D:5)
  A centaur (D:5)
  A kobold brigand (D:6)
  A bullfrog (D:6)
  2 scorpions (D:5)
  A bombardier beetle (D:4)
  A jelly (D:3)
  An orc priest (D:5)
  4 hounds
  6 iguanas
  2 sleepcaps
  Natasha (twice) (D:2)
  An orc wizard (D:4)
  Ijyb (D:3)
  A gnoll (D:1)
  7 adders
  2 dart slugs
  9 orcs
  5 endoplasms
  2 giant cockroaches
  9 goblins
  12 hobgoblins
  2 jackals (D:3)
  19 kobolds
  6 ball pythons
  6 bats
  2 frilled lizards (D:1)
  5 rats
115 creatures vanquished.

Notes
Turn   | Place    | Note
-------+----------+-------------------------------------------
     0 | D:1      | Dirtsage the Octopode Shapeshifter began the quest for the
                  | Orb.
     0 | D:1      | Reached XP level 1. HP: 13/13 MP: 1/1
   139 | D:1      | Reached XP level 2. HP: 18/18 MP: 2/2
   447 | D:1      | Reached XP level 3. HP: 8/23 MP: 3/3
   950 | D:2      | Noticed Sigmund
   960 | D:2      | Killed Sigmund
   961 | D:2      | Reached skill level 4 in Shapeshifting
   961 | D:2      | Reached XP level 4. HP: 7/30 MP: 4/4
   961 | D:2      | Reached XP level 5. HP: 8/35 MP: 5/5
  1275 | D:2      | Found a faded altar of an unknown god.
  1357 | D:2      | Reached XP level 6. HP: 36/41 MP: 6/6
  1404 | D:2      | Noticed Natasha
  1409 | D:2      | Killed Natasha
  1474 | D:2      | Noticed Natasha
  1486 | D:2      | Killed Natasha
  1993 | D:3      | Noticed Ijyb
  2001 | D:3      | Killed Ijyb
  2493 | D:4      | Reached skill level 5 in Shapeshifting
  2519 | D:4      | Reached XP level 7. HP: 21/46 MP: 7/7
  2889 | D:4      | Found a hazy altar of Hepliaklqana.
  2971 | D:4      | Found a staircase to the Ecumenical Temple.
  3000 | Temple   | Entered the Ecumenical Temple
  3049 | D:4      | Found a blossoming altar of Fedhas.
  3404 | D:5      | Entered Level 5 of the Dungeon
  3404 | D:5      | Found the +5 woodcutter's axe
  3469 | D:5      | Reached XP level 8. HP: 42/54 MP: 8/8
  3545 | D:5      | Identified the staff of Incongruity {rElec rPois rCorr
                  | Int-2 SInv Air}
  3711 | D:5      | Identified the +9 plate armour "Migogon" {Will+}
  3736 | D:5      | Reached skill level 6 in Shapeshifting
  3792 | D:5      | Reached skill level 5 in Unarmed Combat
  3884 | D:5      | Found Xelorah's Antique Weapon Boutique.
  4534 | D:6      | Found Etalufiucs's Book Shop.
  4562 | D:6      | Reached skill level 5 in Dodging
  4617 | D:6      | Found a snail-covered altar of Cheibriados.
  4635 | D:6      | Found a sand-covered staircase.
  4652 | D:6      | Splashed by a jelly's acid

Illustrated notes

Levels and vault maps discovered:
D:1:      ldierk_walled_garden_2, layout_basic, minivault_19,
          minmay_misc_feat_more_columns, nicolae_the_louvre
D:2:      wad_crossroads, layout_loops_ring,
          hellmonk_ecumenical_altar_heavens_door, uniq_sigmund, uniq_natasha
D:3:      layout_basic, uniq_ijyb
D:4:      layout_basic, worldfamousw_hep_ancestral_shrine, lemuel_round_altar,
          temple_pool_b, kennysheep_diamond
D:5:      layout_basic, serial_shops, shop, abandoned_shop
D:6:      layout_loops_ring, mainiacjoe_overflow_surrounded_room,
          enter_ossuary_1, serial_shops, nicolae_square_shop,
          nicolae_book_shop_shelving, nicolae_shop_stone, uniq_jeremiah
Temple:   minmay_freezing_vapour_temple

Skill      XL: |  1  2  3  4  5  6  7  8 |
---------------+-------------------------+-----
Fighting       | 2 3 4 |  4.7
Dodging        | 3 4 5 |  5.1
Shapeshifting  | 4 5 6 |  6.8
Unarmed Combat | 4 5 |  5.5

Action                     |  1- 3 |  4- 6 |  7- 9 || total
---------------------------+-------+-------+-------++-------
  Melee: Unarmed           |    70 |    71 |    48 ||   189
         Constrict         |    18 |    18 |    24 ||    60
         Tentacles         |    13 |    18 |    20 ||    51
         Punch             |     2 |     1 |     8 ||    11
         Battleaxe         |       |       |    50 ||    50
   Stab: Sleeping          |     5 |     8 |     7 ||    20
 Armour: Skin              |    29 |    34 |    39 ||   102
  Dodge: Dodged            |    40 |    26 |    52 ||   118

Table legend: (Time is in decaauts)
 A = Elapsed time spent in this place.
 B = Non-inter-level travel time spent in this place.
 C = Inter-level travel time spent in this place.
 D = Time resting spent in this place.
 E = Time spent auto-exploring this place.
 F = Levels seen in this place.
 G = Mean time per level.
                   A        B        C        D        E       F      G
               +--------+--------+--------+--------+--------+-----+--------+
         Total |   4636 |   4481 |    155 |     29 |   3760 |   7 |  662.3 |
       Dungeon |   4631 |   4476 |    155 |     29 |   3760 |   6 |  771.8 |
        Temple |      4 |      4 |      0 |      0 |      0 |   1 |    4.0 |
               +--------+--------+--------+--------+--------+-----+--------+

Top non-repeatable levels by time:
     D:5: 1127 daAuts
     D:4: 1018 daAuts
     D:2: 940 daAuts
     D:1: 775 daAuts
     D:3: 650 daAuts
     D:6: 118 daAuts
  Temple: 4 daAuts
